 Dungeon Crawl Stone Soup version 0.28-a0-1199-gef9e1dbd39 (webtiles) character file.

Game seed: 10402558735264549821

81 karrick the Skirmisher (level 4, 0/29 HPs)
             Began as a Gargoyle Fighter on Dec 20, 2021.
             Slain by a gnoll (3 damage)
             ... on level 3 of the Dungeon.
             The game lasted 00:02:46 (2552 turns).

karrick the Skirmisher (Gargoyle Fighter)           Turns: 2552, Time: 00:02:46

Health: 0/29       AC: 10    Str: 20    XL:     4   Next: 40%
Magic:  4/4        EV:  9    Int:  8    God:
Gold:   48         SH:  4    Dex: 11    Spells: 3/3 levels left

rFire   . . .      SeeInvis .   a - +0 flail (drain)
rCold   . . .      Faith    .   c - +0 buckler
rNeg    + . .      Spirit   .   b - +0 scale mail
rPois   ∞          Reflect  .   (no helmet)
rElec   +          Harm     .   (no cloak)
rCorr   .          Rampage  .   (no gloves)
Will    .....                   (no boots)
Stlth   ..........              (no amulet)
HPRegen 0.09/turn               (no ring)
MPRegen 0.09/turn               (no ring)

@: mighty, weak-willed, attractive
A: sickness immunity, AC +3, negative energy resistance 1, electricity
resistance, torment resistance 1, petrification resistance
a: no special abilities


You were on level 3 of the Dungeon.
You visited 1 branch of the dungeon, and saw 3 of its levels.

You collected 48 gold pieces.

Inventory:

Hand Weapons
 a - a +0 flail of draining (weapon)
Armour
 b - a +0 scale mail (worn)
 c - a +0 buckler (worn)
Magical Staves
 e - a staff of earth
Wands
 j - a wand of charming (10)
Scrolls
 i - 3 scrolls of identify
Potions
 f - a potion of attraction


   Skills:
 + Level 3.8 Fighting
 + Level 3.2 Maces & Flails
 + Level 3.8 Armour
 + Level 0.4 Dodging
 + Level 3.6 Shields


You had 3 spell levels left.
You didn't know any spells.
Your spell library contained the following spells:

 Spells                   Type           Power      Damage    Failure   Level
 Slow                     Hex            0%         N/A       77%         1
 Confusing Touch          Hex            0%         N/A       98%         3
 Vampiric Draining        Necr           0%         2d6       98%         3


Dungeon Overview and Level Annotations

Branches:
Dungeon (3/15)

Altars:

Annotations:
D:3 1 transporter, ytrimaz's ghost, weakling OpTm


Innate Abilities, Weirdness & Mutations

You are immune to sickness and miasma.
Your stone body is resilient. (AC +3)
You are immune to poison.
You resist negative energy. (rN+)
You are resistant to electric shocks. (rElec)
You are resistant to unholy torment.
You are immune to petrification.


Message History

You feel attractive to monsters.
The gnoll hits you from afar with a +1 halberd of venom.
* * * LOW HITPOINT WARNING * * *
The gnoll barely misses you. The gnoll is attracted toward you.
It was a potion of curing.
You feel better. The gnoll closely misses you.
The gnoll hits you with a +0 halberd of pain.
It was a potion of heal wounds.
You feel much better. You block the gnoll's attack.
The gnoll barely misses you.
You completely miss the gnoll.
The gnoll is heavily wounded.
You block the gnoll's attack. The gnoll barely misses you.
You closely miss the gnoll.
The gnoll is heavily wounded.
The gnoll hits you but does no damage. You block the gnoll shaman's attack.
You block the gnoll's attack.
You sock the gnoll!
You kill the gnoll!
The gnoll shaman barely misses you. The gnoll barely misses you.
You completely miss the gnoll.
The gnoll shaman calls upon its god to speed up the gnoll.
The gnoll seems to speed up.
The gnoll hits you from afar with a +1 halberd of venom.
The gnoll hits you but does no damage.
You closely miss the gnoll. You block the gnoll's attack.
The gnoll shaman hits you with a +0 whip!
The gnoll hits you with a +1 whip of holy wrath.
* * * LOW HITPOINT WARNING * * *
The gnoll barely misses you.
The gnoll shaman hits you with a +0 whip.
* * * LOW HITPOINT WARNING * * *
As you read the scroll labelled ZISCHI JIDGHO, it crumbles to dust.
It is a scroll of identify.
You don't have any unidentified items.
The gnoll closely misses you.
The gnoll hits you with a +1 whip of holy wrath.
* * * LOW HITPOINT WARNING * * *
The gnoll closely misses you. The gnoll shaman barely misses you.
You closely miss the gnoll. The gnoll hits you but does no damage.
The gnoll hits you from afar with a +1 halberd of venom.
You die...

#...^...........#
##########.#########...#.#
#.........................
#.≈≈≈≈≈≈≈≈≈≈≈≈≈≈≈≈≈≈≈≈≈≈≈≈
#.≈≈≈≈≈≈≈≈≈≈≈≈≈≈≈≈≈≈≈≈≈≈≈≈
#.≈≈#####...........#####≈
#.≈≈#.8.#.###.©.###.#g8g#≈
#.≈≈#...###.#####.###...#≈
#.≈≈###gg@g...........###≈
#.≈≈.8#.######'######.#8.≈
#.≈≈.##.#.⌠.#..8# #g##.≈
#.≈≈.#..'.....g⌠# W+..#.≈
#.≈≈.##.#.⌠.#.g8# ..#.##.≈
#.≈≈.8#g######'######.#8.≈
#.≈≈###...............###≈
##.≈≈#...###©#####g###...#≈
#..≈≈#.8.#.###.©.###.#.8.#≈


You could see a gnoll shaman and 2 gnolls.

Vanquished Creatures
  A gnoll (D:3)
  2 adders
  2 dart slugs
  An orc (D:3)
  2 ball pythons
  6 bats
  4 endoplasms
  A giant cockroach (D:2)
  6 goblins
  7 hobgoblins
  3 quokkas (D:1)
  A frilled lizard (D:1)
  5 kobolds
  3 rats (D:1)
44 creatures vanquished.

Vanquished Creatures (others)
  6 plants (D:3)
6 creatures vanquished.

Grand Total: 50 creatures vanquished

Notes
Turn   | Place    | Note
-------+----------+-------------------------------------------
     0 | D:1      | karrick the Gargoyle Fighter began the quest for the Orb.
     0 | D:1      | Reached XP level 1. HP: 14/14 MP: 1/1
    22 | D:1      | Found a faded altar of an unknown god.
   244 | D:1      | Reached XP level 2. HP: 17/19 MP: 2/2
   749 | D:1      | Reached XP level 3. HP: 20/24 MP: 3/3
  1952 | D:3      | Reached XP level 4. HP: 29/29 MP: 4/4
  1960 | D:3      | Found a transporter.
  2472 | D:3      | Found a transporter.
  2478 | D:3      | Noticed ytrimaz's ghost (weakling OpTm)
  2552 | D:3      | Slain by a gnoll

Illustrated notes

Levels and vault maps discovered:
D:1:      dpeg_arrival_rooms_with_view, layout_loops_ring,
          chequers_ecumenical_altar_island, hangedman_abyss_or_decor_lesser_grid
D:2:      layout_loops_corners
D:3:      layout_loops_cross, gammafunk_ghost_gnarly_gnolls, minmay_between

Skill      XL: |  1  2  3 |
---------------+----------+-----
Maces & Flails | 3 |  3.2
Fighting       | |  3.8
Armour         | |  3.8
Dodging        | |  0.4
Shields        | |  3.6

Action                   |  1- 3 |  4- 6 || total
-------------------------+-------+-------++-------
Melee: Flail             |   128 |    32 ||   160
  Use: Potion            |       |     4 ||     4
       Scroll            |       |     3 ||     3
Armor: Scale mail        |    63 |    20 ||    83
Dodge: Dodged            |    64 |    25 ||    89
Block: Buckler           |    31 |    11 ||    42

Table legend: (Time is in decaauts)
 A = Elapsed time spent in this place.
 B = Non-inter-level travel time spent in this place.
 C = Inter-level travel time spent in this place.
 D = Time resting spent in this place.
 E = Time spent auto-exploring this place.
 F = Levels seen in this place.
 G = Mean time per level.
                   A        B        C        D        E       F      G
               +--------+--------+--------+--------+--------+-----+--------+
         Total |   2600 |   2528 |     72 |      0 |   2113 |   3 |  866.7 |
       Dungeon |   2600 |   2528 |     72 |      0 |   2113 |   3 |  866.7 |
               +--------+--------+--------+--------+--------+-----+--------+

Top non-repeatable levels by time:
     D:2: 959 daAuts
     D:1: 908 daAuts
     D:3: 732 daAuts
